 Dungeon Crawl Stone Soup version 0.29-a0-1027-gcd8c55af63 (webtiles) character file.

Game seed: 13941453126763426244

137 ragingrage the Chopper (level 5, 0/41 HPs)
             Began as a Demonspawn Chaos Knight on Aug 13, 2022.
             Was a Plaything of Xom.
             Slain by Pikel
             ... wielding a +1 whip of flaming
              (11 damage)
             ... on level 3 of the Dungeon.
             The game lasted 00:01:57 (2136 turns).

ragingrage the Chopper (Demonspawn Chaos Knight)    Turns: 2136, Time: 00:01:57

Health: 0/41       AC:  6    Str: 11 (14) XL:     5   Next: 0%
Magic:  5/5        EV: 11    Int: 13 (14) God:    Xom [..*...]
Gold:   147        SH:  0    Dex:  9 (12) Spells: 4/4 levels left

rFire   . . .      SeeInvis .   f - +2 rapier (venom)
rCold   + . .      Faith    .   (no shield)
rNeg    . . .      Spirit   .   b - +2 leather armour
rPois   .          Reflect  .   (no helmet)
rElec   .          Harm     .   (no cloak)
rCorr   .          Rampage  .   (no gloves)
Will    .....                   l - +0 pair of boots
Stlth   +.........              (no amulet)
HPRegen 0.13/turn               j - ring of flight
MPRegen 0.09/turn               m - ring of protection from cold

@: brilliant, flying
A: powered by death 1, spiny 2
a: Renounce Religion


You were on level 3 of the Dungeon.
You worshipped Xom.
You were a toy of Xom.
You visited 1 branch of the dungeon, and saw 4 of its levels.

You collected 147 gold pieces.

Inventory:

Hand Weapons
 a - a +0 hand axe of chaos
 f - a +2 rapier of venom (weapon)
Missiles
 h - 2 throwing nets
 k - 2 poisoned darts
Armour
 b - a +2 leather armour (worn)
 l - a +0 pair of boots (worn)
Jewellery
 j - a ring of flight (left hand)
 m - a ring of protection from cold (right hand)
Scrolls
 d - 2 scrolls of teleportation {unknown}
 g - a scroll of blinking {unknown}
 n - a scroll of enchant armour {unknown}
 o - a scroll of fear {unknown}
 p - a scroll of immolation {unknown}
Potions
 i - 2 potions of degeneration
 q - a potion of mutation {unknown}
 r - a potion of heal wounds {unknown}
Miscellaneous
 c - a piece from Xom's chessboard (15/15) (quivered)


   Skills:
 - Level 3.0 Fighting
 + Level 5.2 Axes
 - Level 1.7 Armour
 - Level 0.8 Dodging


You had 4 spell levels left.
You didn't know any spells.
Your spell library was empty.

Dungeon Overview and Level Annotations

Branches:
Dungeon (4/15)
 Temple: D:4-7

Altars:
Wu Jian

Annotations:
D:3 Pikel


Innate Abilities, Weirdness & Mutations

You regenerate a little health from kills.
You are mostly covered in sharp spines.


Message History

There is a stone staircase leading up here.
Unknown command.
Pikel hits you with a +1 whip of flaming!
Pikel burns you.
You hit Pikel but do no damage. Pikel misses you.
The lemure is struck by your spines. The lemure hits you!
There is a stone staircase leading up here.
The lemure is struck by your spines. The lemure hits you.
You fly upwards.
Xom smiles on you.
You feel clever all of a sudden.
There is a stone staircase leading down here.
You closely miss Pikel. Pikel is struck by your spines.
Pikel barely misses you.
You barely miss Pikel.
Pikel is lightly wounded.
You almost hear Xom's maniacal laughter.
A monocle briefly appears over your left eye.
Pikel hits you with a +1 whip of flaming!
* * * LOW HITPOINT WARNING * * *
Pikel burns you.
* * * LOW HITPOINT WARNING * * *
The lemure hits you but does no damage.
Pikel says, "Hell isn't that bad."
Pikel barely misses you. The lemure barely misses you.
Pikel says, "You'll feel the lick of my whip!"
You flicker for a moment.
You flicker back into view.
Pikel attacks as you move away! Pikel hits you but does no damage.
Pikel attacks as you move away! Pikel barely misses you.
It was a potion of degeneration.
There was something very wrong with that liquid.
You feel weakened.
You feel dopey.
You feel clumsy.
Xom thinks this is hilarious!
Pikel is struck by your spines. Pikel closely misses you.
Why would you want to do that?
It was a potion of curing.
You feel better.
Pikel hits you with a +1 whip of flaming!
You die...
Xom titters!

...## ##...............# ....#
#..####..........# ....##
#.......#........#
.....######.#######........##
.###.........# ###.........#
...........#.####...........#
.###..###......5.5#.........#
.....###..#..<.K####.######.##
#...............@###....###..####
..##...#..........#####......#†..
#.##..............# ##..........
#.####............# #...........
#.#...............# #...........
#.#...............# #...........
#.................# #...........
##................# #.>.........
#................# #.(...÷.....


You could see Pikel and a lemure.

Vanquished Creatures
  A lemure (D:3)
  3 gnolls (D:3)
  4 adders
  6 ball pythons
  9 endoplasms
  4 giant cockroaches
  3 goblins (D:1)
  6 hobgoblins
  4 quokkas
  7 bats
  6 frilled lizards
  8 kobolds
  7 rats
68 creatures vanquished.

Vanquished Creatures (collateral kills)
  A giant cockroach (D:1)
1 creature vanquished.

Vanquished Creatures (others)
  A plant (D:2)
1 creature vanquished.

Grand Total: 70 creatures vanquished

Notes
Turn   | Place    | Note
-------+----------+-------------------------------------------
     0 | D:1      | ragingrage the Demonspawn Chaos Knight began the quest for
                  | the Orb.
     0 | D:1      | Reached XP level 1. HP: 18/18 MP: 1/1
    85 | D:1      | Reached skill level 3 in Axes
   192 | D:1      | XOM: divination: detect items
   206 | D:1      | XOM: cast spell 'Summon Ice Beast'
   213 | D:1      | Gained mutation: You are partially covered in sharp spines.
                  | [demonic ancestry]
   213 | D:1      | Reached XP level 2. HP: 24/24 MP: 2/2
   639 | D:1      | Gained mutation: You are mostly covered in sharp spines.
                  | [demonic ancestry]
   639 | D:1      | Reached XP level 3. HP: 26/29 MP: 3/3
   846 | D:2      | Reached skill level 4 in Axes
   978 | D:2      | Found a faded altar of an unknown god.
  1007 | D:2      | Found an ornate altar of the Wu Jian Council.
  1025 | D:2      | XOM: noise
  1045 | D:2      | XOM: potion effect (curing)
  1338 | D:2      | Reached XP level 4. HP: 35/35 MP: 4/4
  1435 | D:2      | XOM: silly message
  1482 | D:3      | XOM: silly message
  1582 | D:3      | Reached skill level 5 in Axes
  1749 | D:3      | XOM: silly message
  1823 | D:3      | XOM: silly message
  1856 | D:3      | XOM: silly message
  1978 | D:3      | Gained mutation: You regenerate a little health from kills.
                  | [demonic ancestry]
  1978 | D:3      | Reached XP level 5. HP: 41/41 MP: 5/5
  2100 | D:4      | Noticed a lemure
  2100 | D:4      | Noticed a lemure
  2100 | D:4      | Noticed a lemure
  2101 | D:4      | Noticed Pikel
  2102 | D:4      | Noticed a lemure
  2106 | D:3      | XOM: potion effect (invisibility)
  2108 | D:3      | Killed a lemure
  2117 | D:3      | XOM: potion effect (brilliance)
  2119 | D:3      | XOM: silly message
  2136 | D:3      | Slain by Pikel

Illustrated notes

Levels and vault maps discovered:
D:1:      dpeg_arrival_tiny_f, layout_rooms
D:2:      layout_rooms, serial_forest, infiniplex_forest_clump_curved,
          infiniplex_forest_clump_diagonal, infiniplex_forest_lined_room_,
          infiniplex_forest_clump_small, infiniplex_forest_lined_2,
          infiniplex_forest_clump_curved, infiniplex_forest_lined_1,
          infiniplex_forest_fountain, basic_altar,
          hellmonk_ecumenical_altar_crossroads, minmay_misc_feat_plants,
          guppyfry_early_lair_pool
D:3:      layout_rooms, bh_walls_and_bars
D:4:      layout_basic, nicolae_gozag_seed_capital,
          mainiacjoe_overflow_chevrons, serial_park_tiny_pond,
          serial_bayou_pond_a, minmay_misc_feat_alley, uniq_ijyb, uniq_pikel,
          uniq_robin, uniq_edmund

Skill      XL: |  1  2  3  4 |
---------------+-------------+-----
Axes           | 3 4 5 |  5.2
Fighting       | |  3.0
Armour         | |  1.7
Dodging        | |  0.8

Action                   |  1- 3 |  4- 6 || total
-------------------------+-------+-------++-------
Melee: Hand axe          |    23 |       ||    23
       Rapier            |    41 |    36 ||    77
  Use: Potion            |       |     2 ||     2
 Stab: Sleeping          |     1 |       ||     1
       Invisible         |       |     1 ||     1
Armor: Leather armour    |    30 |    13 ||    43
Dodge: Dodged            |    38 |    25 ||    63

Table legend: (Time is in decaauts)
 A = Elapsed time spent in this place.
 B = Non-inter-level travel time spent in this place.
 C = Inter-level travel time spent in this place.
 D = Time resting spent in this place.
 E = Time spent auto-exploring this place.
 F = Levels seen in this place.
 G = Mean time per level.
                   A        B        C        D        E       F      G
               +--------+--------+--------+--------+--------+-----+--------+
         Total |   2156 |   2073 |     83 |      0 |   1645 |   4 |  539.0 |
       Dungeon |   2156 |   2073 |     83 |      0 |   1645 |   4 |  539.0 |
               +--------+--------+--------+--------+--------+-----+--------+

Top non-repeatable levels by time:
     D:1: 829 daAuts
     D:3: 684 daAuts
     D:2: 630 daAuts
     D:4: 11 daAuts
